General information
- name: BNet
- type: Ladder team game (AT/RT)
- host: Battle.net
- saver: FINAL_FANTASY_x
map: MarketSquare
- players: 8
- length: 39:53
- speed: Fast
- version: 1.26 W3XP
- replay type: Public
» download(193 KB)
Players
team 1 (winner)

»
uM.Raven (
green | 63 APM | 1843 actions | 29:10)
3 Priestess of the Moon
2 Trueshot Aura
1 Scout
5 Blademaster
2 Critical Strike
3 Wind Walk
2 Tauren Chieftain
1 Endurance Aura
1 Shockwave
» actions
| Assign group hotkey | 63 | |
| Basic commands | 159 | |
| Build / train | 125 | |
| ESC pressed | 1 | |
| Enter build submenu | 30 | |
| Enter hero's abilities submenu | 10 | |
| Right click | 468 | |
| Select / deselect | 526 | |
| Select group hotkey | 356 | |
| Use ability | 105 | |
1843 total
» units
| Wisp | 16 | |
| Peon | 8 | |
| Archer | 30 | |
| Shaman | 12 | |
| Hippogryph | 14 | |
| Tauren | 10 | |
90 total
» upgrades
| Melee Weapons | 2 | |
| Strength of the Moon | 2 | |
| Moon Armor | 1 | |
| Armor | 2 | |
| Improved Bows | 1 | |
| Shaman Training | 2 | |
| Hippogryph Taming | 1 | |
| Pulverize | 1 | |
12 total
» buildings
| Altar of Elders | 2 | |
| Moon Well | 5 | |
| Altar of Storms | 1 | |
| Orc Burrow | 6 | |
| Ancient of War | 1 | |
| War Mill | 1 | |
| Voodoo Lounge | 1 | |
| Stronghold | 1 | |
| Watch Tower | 2 | |
| Tree of Ages | 1 | |
| Hunter's Hall | 1 | |
| Fortress | 3 | |
| Spirit Lodge | 1 | |
| Ancient of Wind | 2 | |
| Tauren Totem | 2 | |
30 total
» build order
00:03 Altar of Elders
00:13 Moon Well
00:19 Altar of Storms
00:23 Orc Burrow
01:18 Ancient of War
01:36 War Mill
01:41 Moon Well
02:13 Voodoo Lounge
02:44 Stronghold
02:52 Watch Tower
03:32 Tree of Ages
03:34 Hunter's Hall
03:40 Orc Burrow
03:45 Watch Tower
04:07 Orc Burrow
04:30 Moon Well
05:05 Fortress
05:05 Fortress
05:33 Spirit Lodge
06:04 Ancient of Wind
06:06 Ancient of Wind
06:43 Moon Well
07:33 Tauren Totem
07:34 Tauren Totem
12:40 Orc Burrow
14:51 Orc Burrow
15:06 Altar of Elders
20:08 Moon Well
22:58 Orc Burrow
» items
| Healing Salve | 2 | |
| Lesser Clarity Potion | 2 | |
| Orb of Lightning | 1 | |
5 total
epicbriguy (
blue | 57 APM | 2289 actions | 39:53)
5 Archmage
3 Summon Water Elemental
2 Brilliance Aura
4 Paladin
2 Devotion Aura
2 Divine Shield
» actions
| Basic commands | 34 | |
| Build / train | 112 | |
| Enter build submenu | 22 | |
| Enter hero's abilities submenu | 9 | |
| Remove unit from queue | 3 | |
| Right click | 1325 | |
| Select / deselect | 696 | |
| Use ability | 88 | |
2289 total
» units
| Peasant | 12 | |
| Footman | 13 | |
| Gryphon Rider | 24 | |
| Knight | 21 | |
70 total
» upgrades
| Swords | 3 | |
| Lumber Harvesting | 2 | |
| Animal War Training | 1 | |
6 total
» buildings
| Altar of Kings | 2 | |
| Barracks | 1 | |
| Farm | 23 | |
| Lumber Mill | 1 | |
| Blacksmith | 1 | |
| Arcane Vault | 1 | |
| Keep | 1 | |
| Castle | 1 | |
| Gryphon Aviary | 1 | |
| Town Hall | 2 | |
| Scout Tower | 13 | |
| Guard Tower | 11 | |
58 total
» build order
00:13 Altar of Kings
00:32 Barracks
00:46 Farm
00:46 Farm
00:47 Farm
00:47 Farm
00:48 Farm
00:48 Farm
00:49 Farm
00:49 Farm
00:50 Farm
00:51 Farm
01:38 Lumber Mill
01:47 Blacksmith
02:20 Farm
02:21 Farm
02:22 Farm
02:22 Farm
02:23 Farm
02:24 Farm
03:29 Arcane Vault
04:13 Keep
06:36 Castle
06:58 Gryphon Aviary
09:27 Farm
09:28 Farm
09:28 Farm
09:29 Farm
09:30 Farm
09:30 Farm
12:23 Town Hall
20:54 Farm
25:34 Scout Tower
25:38 Scout Tower
26:11 Scout Tower
26:17 Guard Tower
26:18 Guard Tower
26:41 Guard Tower
30:48 Town Hall
31:01 Altar of Kings
34:34 Scout Tower
34:37 Scout Tower
34:59 Scout Tower
35:01 Scout Tower
35:03 Scout Tower
35:08 Scout Tower
35:09 Scout Tower
35:10 Scout Tower
35:13 Scout Tower
35:15 Scout Tower
36:07 Guard Tower
36:15 Guard Tower
36:31 Guard Tower
37:01 Guard Tower
37:09 Guard Tower
37:13 Guard Tower
38:06 Guard Tower
38:08 Guard Tower
» items
| Scroll of Regeneration | 7 | |
| Potion of Healing | 1 | |
8 total
Seller (
teal | 0 APM | 0 actions | 00:02)
RumpRanger23 (
pink | 40 APM | 1219 actions | 30:45)
6 Blademaster
3 Wind Walk
2 Critical Strike
1 Bladestorm
3 Shadow Hunter
2 Healing Wave
1 Hex
» actions
| Assign group hotkey | 24 | |
| Build / train | 87 | |
| Enter build submenu | 15 | |
| Enter hero's abilities submenu | 9 | |
| Give item / drop item | 3 | |
| Remove unit from queue | 9 | |
| Right click | 609 | |
| Select / deselect | 284 | |
| Select group hotkey | 87 | |
| Use ability | 92 | |
1219 total
» units
| Peon | 5 | |
| Troll Headhunter/Berserker | 9 | |
| Wind Rider | 6 | |
| Shaman | 4 | |
| Troll Batrider | 25 | |
49 total
» upgrades
| Ranged Weapons | 2 | |
| Shaman Training | 2 | |
| Envenomed Spears | 1 | |
| Armor | 1 | |
| Berserker Upgrade | 1 | |
| Witch Doctor Training | 2 | |
9 total
» buildings
| Altar of Storms | 1 | |
| Orc Burrow | 5 | |
| War Mill | 1 | |
| Barracks | 1 | |
| Voodoo Lounge | 1 | |
| Watch Tower | 1 | |
| Stronghold | 1 | |
| Spirit Lodge | 1 | |
| Beastiary | 2 | |
| Fortress | 1 | |
| Great Hall | 1 | |
16 total
» build order
00:11 Altar of Storms
00:16 Orc Burrow
00:42 War Mill
01:10 Barracks
01:54 Orc Burrow
02:20 Voodoo Lounge
03:09 Watch Tower
04:06 Orc Burrow
04:26 Stronghold
06:52 Spirit Lodge
06:57 Beastiary
07:05 Beastiary
08:32 Fortress
08:57 Orc Burrow
09:00 Orc Burrow
15:44 Great Hall
» items
| Scroll of Speed | 1 | |
| Healing Salve | 2 | |
| Boots of Speed | 1 | |
| Lesser Clarity Potion | 1 | |
| Potion of Lesser Invulnerability | 1 | |
| Scroll of Town Portal | 1 | |
7 total
team 2 (loser)
CHRONICtOKE (
orange | 47 APM | 793 actions | 16:48)
5 Mountain King
3 Storm Bolt
2 Bash
2 Goblin Alchemist
1 Healing Spray
1 Chemical Rage
» actions
| Assign group hotkey | 27 | |
| Build / train | 43 | |
| Enter build submenu | 19 | |
| Enter hero's abilities submenu | 9 | |
| Right click | 363 | |
| Select / deselect | 184 | |
| Select group hotkey | 104 | |
| Use ability | 44 | |
793 total
» units
| Peasant | 7 | |
| Footman | 2 | |
| Rifleman | 12 | |
21 total
» upgrades
| Masonry | 1 | |
| Gunpowder | 2 | |
| Armor | 1 | |
| Long Rifles | 1 | |
5 total
» buildings
| Altar of Kings | 1 | |
| Barracks | 2 | |
| Farm | 10 | |
| Lumber Mill | 1 | |
| Blacksmith | 1 | |
| Arcane Vault | 1 | |
| Keep | 2 | |
18 total
» build order
00:12 Altar of Kings
00:17 Barracks
00:36 Farm
01:22 Farm
01:41 Lumber Mill
02:08 Blacksmith
02:19 Arcane Vault
02:43 Farm
03:26 Barracks
04:21 Farm
04:38 Farm
05:21 Farm
06:01 Farm
06:06 Farm
07:17 Farm
07:24 Keep
07:24 Keep
08:59 Farm
» items

»
Jonhy_33 (
red | 30 APM | 511 actions | 17:03)
6 Blademaster
2 Wind Walk
3 Critical Strike
1 Bladestorm
» actions
| Build / train | 39 | |
| Enter build submenu | 14 | |
| Enter hero's abilities submenu | 6 | |
| Remove unit from queue | 1 | |
| Right click | 242 | |
| Select / deselect | 173 | |
| Use ability | 36 | |
511 total
» units
| Peon | 8 | |
| Troll Headhunter/Berserker | 5 | |
| Wind Rider | 6 | |
| Troll Batrider | 3 | |
22 total
» upgrades
| Armor | 1 | |
| Envenomed Spears | 1 | |
| Ranged Weapons | 1 | |
3 total
» buildings
| Altar of Storms | 1 | |
| Orc Burrow | 6 | |
| War Mill | 1 | |
| Barracks | 1 | |
| Voodoo Lounge | 1 | |
| Stronghold | 1 | |
| Beastiary | 2 | |
| Fortress | 2 | |
| Great Hall | 1 | |
16 total
» build order
00:13 Altar of Storms
00:15 Orc Burrow
00:42 War Mill
01:26 Barracks
02:07 Orc Burrow
02:49 Voodoo Lounge
04:01 Stronghold
04:29 Orc Burrow
05:37 Orc Burrow
06:37 Beastiary
06:39 Fortress
06:45 Beastiary
06:46 Fortress
07:11 Orc Burrow
10:56 Orc Burrow
13:09 Great Hall
» items
| Healing Salve | 1 | |
| Orb of Lightning | 1 | |
| Lesser Clarity Potion | 2 | |
4 total

»
FINAL_FANTASY_x (
yellow | 65 APM | 2578 actions | 39:53)
10 Blood Mage
3 Flame Strike
3 Siphon Mana
1 Summon Phoenix
3 Banish
» actions
| Assign group hotkey | 37 | |
| Basic commands | 97 | |
| Build / train | 93 | |
| Enter build submenu | 30 | |
| Enter hero's abilities submenu | 10 | |
| Give item / drop item | 2 | |
| Right click | 981 | |
| Select / deselect | 276 | |
| Select group hotkey | 928 | |
| Use ability | 124 | |
2578 total
» units
| Peasant | 21 | |
| Footman | 4 | |
| Gryphon Rider | 9 | |
| Dragonhawk Rider | 1 | |
| Troll Batrider | 4 | |
39 total
» upgrades
| Masonry | 1 | |
| Lumber Harvesting | 2 | |
| Animal War Training | 1 | |
| Swords | 3 | |
| Storm Hammers | 1 | |
| Cloud | 1 | |
| Armor | 3 | |
12 total
» buildings
| Altar of Kings | 2 | |
| Barracks | 1 | |
| Farm | 11 | |
| Scout Tower | 13 | |
| Lumber Mill | 3 | |
| Arcane Tower | 2 | |
| Arcane Vault | 1 | |
| Guard Tower | 8 | |
| Town Hall | 2 | |
| Keep | 4 | |
| Blacksmith | 1 | |
| Castle | 2 | |
| Gryphon Aviary | 3 | |
53 total
» build order
00:13 Altar of Kings
00:22 Barracks
00:36 Farm
00:51 Farm
01:39 Scout Tower
01:50 Scout Tower
02:01 Lumber Mill
02:11 Arcane Tower
02:25 Arcane Vault
02:41 Arcane Tower
02:49 Farm
03:18 Scout Tower
03:50 Farm
03:52 Guard Tower
03:53 Guard Tower
03:56 Scout Tower
04:11 Scout Tower
04:30 Guard Tower
05:00 Guard Tower
05:41 Lumber Mill
05:49 Lumber Mill
05:53 Town Hall
06:13 Keep
06:13 Keep
07:05 Farm
07:06 Farm
07:07 Farm
07:16 Scout Tower
07:32 Blacksmith
07:49 Scout Tower
07:49 Scout Tower
07:50 Scout Tower
07:50 Scout Tower
07:53 Guard Tower
08:21 Scout Tower
08:28 Guard Tower
08:40 Castle
08:51 Guard Tower
09:15 Guard Tower
09:41 Gryphon Aviary
09:54 Gryphon Aviary
10:26 Gryphon Aviary
10:29 Farm
10:30 Farm
12:44 Farm
26:18 Keep
27:30 Town Hall
27:57 Altar of Kings
29:47 Castle
» items
| Scroll of Regeneration | 3 | |
| Staff of Teleportation | 3 | |
| Potion of Lesser Invulnerability | 1 | |
| Scroll of Town Portal | 3 | |
| Potion of Healing | 1 | |
11 total
manbearpig54 (
purple | 32 APM | 1270 actions | 39:31)
8 Blademaster
3 Critical Strike
2 Wind Walk
3 Mirror Image
6 Shadow Hunter
3 Healing Wave
2 Serpent Ward
1 Hex
6 Tauren Chieftain
3 Endurance Aura
2 War Stomp
1 Reincarnation
» actions
| Basic commands | 2 | |
| Build / train | 96 | |
| Enter build submenu | 27 | |
| Enter hero's abilities submenu | 22 | |
| Give item / drop item | 9 | |
| Right click | 634 | |
| Select / deselect | 382 | |
| Use ability | 98 | |
1270 total
» units
| Peon | 13 | |
| Grunt | 8 | |
| Kodo Beast | 2 | |
| Shaman | 10 | |
| Tauren | 7 | |
| Wind Rider | 8 | |
48 total
» upgrades
| Melee Weapons | 3 | |
| Armor | 3 | |
| Berserker Strength | 1 | |
| Shaman Training | 2 | |
| War Drums Damage Increase | 1 | |
| Pulverize | 1 | |
| Ranged Weapons | 1 | |
12 total
» buildings
| Altar of Storms | 2 | |
| Orc Burrow | 13 | |
| Barracks | 1 | |
| Voodoo Lounge | 2 | |
| Stronghold | 2 | |
| War Mill | 1 | |
| Fortress | 1 | |
| Spirit Lodge | 1 | |
| Great Hall | 4 | |
| Beastiary | 1 | |
| Tauren Totem | 2 | |
30 total
» build order
00:16 Altar of Storms
00:21 Orc Burrow
01:03 Barracks
01:25 Orc Burrow
02:35 Orc Burrow
03:06 Voodoo Lounge
04:12 Stronghold
04:12 Stronghold
04:40 War Mill
05:39 Orc Burrow
07:18 Orc Burrow
07:39 Fortress
07:47 Spirit Lodge
08:35 Great Hall
08:51 Beastiary
10:56 Tauren Totem
11:05 Orc Burrow
12:17 Voodoo Lounge
12:52 Great Hall
17:59 Orc Burrow
18:02 Orc Burrow
18:05 Orc Burrow
20:15 Great Hall
23:15 Tauren Totem
24:59 Orc Burrow
25:03 Orc Burrow
28:11 Altar of Storms
28:13 Orc Burrow
29:59 Orc Burrow
33:29 Great Hall
» items
| Healing Salve | 1 | |
| Orb of Lightning | 2 | |
| Boots of Speed | 2 | |
| Potion of Lesser Invulnerability | 2 | |
7 total
Chat log
(00:06 / All) CHRONICtOKE: lmaoi
(00:19 / Allies) Jonhy_33: rush right?
(00:23 / Allies) CHRONICtOKE: ofc
(00:25 / Allies) FINAL_FANTASY_x: cc
(00:25 / Allies) CHRONICtOKE: hard
(00:29 / Allies) Jonhy_33: ofc?
(00:30 / Allies) CHRONICtOKE: rush........
(00:38 / Allies) CHRONICtOKE: 3v4
(00:40 / Allies) CHRONICtOKE: of course rush
(00:47 / Allies) Jonhy_33: rush is better
(00:52 / Allies) Jonhy_33: hh here
(01:12 / Allies) CHRONICtOKE: they ar gonan rush
(01:13 / Allies) CHRONICtOKE: lol
(01:15 / Allies) CHRONICtOKE: so wtf
(01:17 / Allies) CHRONICtOKE: no choice
(01:18 / Allies) Jonhy_33: yup
(01:34 / Allies) CHRONICtOKE: this is wc 101
(01:44 / Allies) Jonhy_33: are we rushin or what?
(03:26 / Allies) FINAL_FANTASY_x: i sure am a homosexual
(04:14 / Allies) Jonhy_33: guys
(04:16 / Allies) Jonhy_33: units?
(04:40 / Allies) Jonhy_33: lets take mid
(05:43 / Allies) CHRONICtOKE: mid
(05:44 / Allies) CHRONICtOKE: go
(05:44 / Allies) Jonhy_33: come
(05:46 / Allies) Jonhy_33: mid now
(05:55 / Allies) CHRONICtOKE: then hit
(06:41 / Allies) Jonhy_33: wyvs here
(06:46 / Allies) CHRONICtOKE: wtf was that
(06:52 / Allies) FINAL_FANTASY_x: tried to get item lol
(06:59 / Allies) manbearpig54: fast ass sum bitch
(07:00 / Allies) CHRONICtOKE: thats gay as fuck
(07:09 / Allies) CHRONICtOKE: gj being a prick.
(07:19 / Allies) Jonhy_33: what units guys?
(07:29 / Allies) manbearpig54: but im also your mate
(07:56 / Allies) CHRONICtOKE: hit idiots
(08:30 / Allies) FINAL_FANTASY_x: wood?
(08:38 / Allies) CHRONICtOKE: fucking come now
(08:40 / Allies) CHRONICtOKE: jesus balls
(08:41 / Allies) CHRONICtOKE: wtf
(08:44 / Allies) CHRONICtOKE: HITNOW
(08:47 / Allies) CHRONICtOKE: ATTACK
(08:50 / Allies) Jonhy_33: comin
(09:00 / Allies) Jonhy_33: gogoog
(09:44 / Allies) FINAL_FANTASY_x: wood
(09:46 / Allies) FINAL_FANTASY_x: god dammit
(10:11 / All) CHRONICtOKE: GG
(12:06 / All) FINAL_FANTASY_x: jeez u ugys are awful
(12:13 / All) Jonhy_33: leave
(12:14 / All) Jonhy_33: gg
(13:22 / All) CHRONICtOKE: GTFO
(13:24 / All) CHRONICtOKE: FUCK
(13:27 / All) CHRONICtOKE: GG
(13:31 / All) CHRONICtOKE: I SAID 10 MINS AGO
(14:25 / Allies) Jonhy_33: oj
(14:30 / Allies) Jonhy_33: better units man
(14:31 / Allies) Jonhy_33: plz
(14:43 / Allies) CHRONICtOKE: THEN GET THE FUCK WITH ME
(14:46 / Allies) CHRONICtOKE: AND STOP LETTING ME DIE
(14:48 / Allies) CHRONICtOKE: AND KILL THEM
(14:53 / Allies) CHRONICtOKE: WOW
(14:58 / Allies) CHRONICtOKE: U TKING FUCKIN STUPID NIGGER
(15:03 / Allies) Jonhy_33: WTF?????????????????????????????
(15:04 / Allies) CHRONICtOKE: GTEA FUCKIN LIFE
(15:05 / Allies) Jonhy_33: YELLOW
(15:07 / All) FINAL_FANTASY_x: give me ur gold
(15:08 / Allies) CHRONICtOKE: GODDAMN CUNT
(15:08 / All) FINAL_FANTASY_x: red
(15:10 / All) FINAL_FANTASY_x: and yellow
(15:11 / Allies) Jonhy_33: ARE U FUCKIN IDOT?
(15:25 / Allies) CHRONICtOKE: UR A FUCKIN RETARD
(15:30 / Allies) CHRONICtOKE: WHY DO YOU HAVE NO LIFER?
(15:31 / Allies) Jonhy_33: so u can kill us?
(15:39 / Allies) CHRONICtOKE: WHY DONT U FUCKIN KILL URSELF
(15:41 / All) CHRONICtOKE: IRL
(15:42 / Allies) Jonhy_33: stop that shit man
(15:56 / Allies) CHRONICtOKE: WOW
(15:59 / All) FINAL_FANTASY_x: lol
(16:00 / Allies) CHRONICtOKE: WHAT A FUCKIN LOSER POS
(16:08 / Allies) Jonhy_33: yelloiw
(16:10 / All) CHRONICtOKE: this guys a fuckin pos
(16:11 / Allies) Jonhy_33: go kill them
(16:13 / Allies) Jonhy_33: not us
(16:14 / Allies) manbearpig54: you like totally fucked me up
(16:14 / All) CHRONICtOKE: he is the reason wc sucks now
(16:21 / All) FINAL_FANTASY_x: FUCK CLAN TOKE!!
(16:24 / Allies) manbearpig54: i thought we we re being attack
(16:29 / All) CHRONICtOKE: lmao
(16:33 / All) CHRONICtOKE: another clan hater
(16:34 / All) CHRONICtOKE: yea bitch
(16:38 / All) CHRONICtOKE: u hate cause we are top
(16:44 / All) CHRONICtOKE: u fuckin punk bitch
(19:48 / Allies) manbearpig54: hela firwst
(21:19 / All) FINAL_FANTASY_x: b
(21:30 / All) FINAL_FANTASY_x: get back idiot
(21:30 / All) FINAL_FANTASY_x: wow
(21:43 / Allies) manbearpig54: i can take em
(28:05 / All) FINAL_FANTASY_x: bet u guys still think u won huh
(29:21 / All) FINAL_FANTASY_x: blue or pink are u here
(29:36 / All) epicbriguy: yup
(29:42 / All) FINAL_FANTASY_x: want me to kill purple
(29:47 / All) epicbriguy: suyre
(30:07 / All) FINAL_FANTASY_x: dont attack my expo then
(30:51 / All) FINAL_FANTASY_x: purp is dieing now
(32:54 / All) FINAL_FANTASY_x: be a good boy purple
(33:03 / All) epicbriguy: lol
(33:11 / All) FINAL_FANTASY_x: accept ur loss like a man
(34:27 / All) FINAL_FANTASY_x: give me a bit
(34:31 / All) FINAL_FANTASY_x: he has a lot of gold
(35:32 / All) FINAL_FANTASY_x: i aint an amateur purp
(36:59 / All) FINAL_FANTASY_x: purple is silent
(37:49 / All) FINAL_FANTASY_x: feel free to kill our bases now blue
(37:55 / All) epicbriguy: ahah k]
(38:49 / Allies) manbearpig54: lol
(38:55 / All) FINAL_FANTASY_x: i is r pro purple
(38:56 / Allies) manbearpig54: noob
(39:08 / Allies) manbearpig54: i got your hero with his base
(39:13 / Allies) manbearpig54: now that is skill
(39:16 / All) FINAL_FANTASY_x: he said "i got ur hero"
(39:22 / Allies) manbearpig54: lol
(39:40 / All) FINAL_FANTASY_x: u have earned this win blue